 Dungeon Crawl Stone Soup version 0.31.0-12-g77e489cdc1 (webtiles) character file.

Game seed: 1629842907689033231

2099080 DrFunkyFeet the Conqueror (level 27, 282/323 HPs)
             Began as an Oni Warper on Mar 3, 2024.
             Was the Champion of Cheibriados.
             Escaped with the Orb
             ... and 4 runes!
             The game lasted 03:29:03 (84827 turns).

DrFunkyFeet the Conqueror (Oni Warper)             Turns: 84827, Time: 03:29:03

Health: 282/323    AC: 35    Str: 54    XL:     27
Magic:  46/46      EV: 19    Int: 31    God:    Cheibriados [******]
Gold:   3324       SH:  0    Dex: 29    Spells: 42/64 levels left

rFire   + + .        a - +6 giant spiked club (heavy)
rCold   + + .        (shield currently unavailable)
rNeg    . . .        d - +10 gold dragon scales
rPois   +            (helmet restricted)
rElec   .            y - scarf {rC+ rF+}
rCorr   +            (gloves unavailable)
SInv    +            (boots unavailable)
Will    +++..        p - amulet "Ehomnem" {RegenMP ^Fragile rPois Regen+ rCorr} Stlth
                     n - ring of Gaulyph {rPois EV+5 Str+5 Stlth+}
HPRegen 1.53/turn    N - ring "Boviqaucka" {Will+ Str+3 Dex+6}
MPRegen 0.70/turn

%: no passive effects
@: studying Short Blades, very slow
A: large, unfitting armour, horns 1, tough skin 1, double potion healing,
drunken brawling, see invisible, screaming 1, wild magic 1, MP-powered wands
0: Orb of Zot
}: 4/15 runes: barnacled, slimy, silver, gossamer
a: Renounce Religion, Bend Time, Temporal Distortion, Slouch, Step From Time


You escaped.
You worshipped Cheibriados.
Cheibriados was exalted by your worship.
You visited 12 branches of the dungeon, and saw 56 of its levels.
You visited 1 bazaar.

You collected 8776 gold pieces.
You spent 5452 gold pieces at shops.

Inventory:

Hand Weapons
 a - a +6 heavy giant spiked club (weapon)
 s - the +5 great mace of Actus Reus {flame, rElec rPois Will- Dex-4}
   (You found it on level 5 of the Pits of Slime)

   Dex-4:     It affects your dexterity (-4).
   rElec:     It insulates you from electricity.
   rPois:     It protects you from poison Will-: It decreases your willpower.
 D - a +9 vampiric giant spiked club
 R - the +7 giant spiked club "Cyrphevu" {freeze, rF+ rC+ MP+9}
   (You found it on level 3 of the Crypt)

   rF+:       It protects you from fire.
   rC+:       It protects you from cold.
   MP+9:      It affects your magic capacity (+9).
Missiles
 o - 8 curare-tipped darts
 w - 121 large rocks (quivered)
Armour
 d - +10 gold dragon scales (worn)
 j - +7 storm dragon scales {Bai Suzhen}
 y - a scarf of resistance (worn)
Jewellery
 n - the ring of Gaulyph (left hand) {rPois EV+5 Str+5 Stlth+}
   (You bought it in a shop on level 3 of the Depths)

   [ring of evasion]

   EV+5:      It affects your evasion (+5).
   Str+5:     It affects your strength (+5).
   rPois:     It protects you from poison Stlth+: It makes you more stealthy.
 p - the amulet "Ehomnem" (around neck) {RegenMP ^Fragile rPois Regen+ rCorr}
   (You took it off a deep elf annihilator on level 3 of the Elven Halls)

   [amulet of magic regeneration]

   RegenMP:   It increases your rate of magic regeneration.
   rPois:     It protects you from poison Regen+: It increases your rate of
   health regeneration.
   rCorr:     It protects you from acid and corrosion.
   ^Fragile:  It will be destroyed if unequipped.
 v - a ring of see invisible
 z - a ring of protection from fire
 F - the ring of the Sturgeon {rN+ Str+4 Int-4 Dex+6}
   (You took it off a deep elf zephyrmancer on level 1 of the Elven Halls)

   [ring of dexterity]

   Str+4:     It affects your strength (+4).
   Int-4:     It affects your intelligence (-4).
   Dex+6:     It affects your dexterity (+6).
   rN+:       It protects you from negative energy.
 H - the amulet "Feingiju" {+Inv Will+ Regen+ Stlth+}
   (You took it off a deep elf pyromancer on level 1 of the Elven Halls)

   [amulet of regeneration]

   Will+:     It increases your willpower.
   +Inv:      It lets you turn invisible.
   Regen+:    It increases your rate of health regeneration.
   Stlth+:    It makes you more stealthy.
 K - a +4 ring of slaying
 N - the ring "Boviqaucka" (right hand) {Will+ Str+3 Dex+6}
   (You bought it in a shop on level 6 of the Dungeon)

   [ring of dexterity]

   Str+3:     It affects your strength (+3).
   Dex+6:     It affects your dexterity (+6).
   Will+:     It increases your willpower.
 S - a ring of positive energy
 W - a ring of flight
 Z - a ring of willpower
Talismans
 h - a maw talisman
Wands
 b - a wand of flame (136)
 u - a wand of iceblast (40)
 J - a wand of digging (18)
 L - a wand of polymorph (42)
 P - a wand of mindburst (35)
 U - a wand of acid (33)
Scrolls
 c - 7 scrolls of blinking
 i - a scroll of summoning
 x - 7 scrolls of poison
 B - 5 scrolls of noise
 C - 5 scrolls of revelation
 I - 13 scrolls of teleportation
 M - 6 scrolls of silence
 O - 4 scrolls of fog
 V - 6 scrolls of immolation
 X - 5 scrolls of fear
Potions
 e - 6 potions of brilliance
 f - 16 potions of curing
 g - 10 potions of attraction
 k - 2 potions of resistance
 l - 9 potions of magic
 m - 5 potions of berserk rage
 q - 8 potions of mutation
 r - 3 potions of enlightenment
 t - 6 potions of ambrosia
 A - 10 potions of lignification
 G - 4 potions of invisibility
 Y - 3 potions of heal wounds


   Skills:
 O Level 27 Fighting
 - Level 25.1 Maces & Flails
 - Level 1.0 Throwing
 + Level 22.0 Armour
 - Level 8.3 Dodging
 + Level 19.1 Spellcasting
 * Level 17.7 Translocations
 - Level 22.2 Invocations


You had 42 spell levels left.
You knew the following spells:

 Your Spells              Type           Power      Damage    Failure   Level
a - Blink                 Tloc           100%       N/A       1%          2
b - Lesser Beckoning      Tloc           100%       N/A       1%          2
c - Manifold Assault      Tloc           100%       N/A       1%          4
d - Vhi's Electric Charg  Tloc/Air       100%       N/A       2%          4
e - Teleport Other        Tloc           100%       N/A       1%          3
f - Apportation           Tloc           100%       N/A       1%          1
g - Dispersal             Tloc           55%        N/A       1%          6

Your spell library contained the following spells:

 Spells                   Type           Power      Damage    Failure   Level
 Momentum Strike          Conj/Tloc      100%       3d10      1%          2
 Gell's Gravitas          Tloc           100%       N/A       1%          3
 Volatile Blastmotes      Fire/Tloc      100%       2d18      1%          3
 Dimensional Bullseye     Hex/Tloc       41%        N/A       2%          4
 Summon Forest            Summ/Tloc      41%        N/A       5%          5
 Freeze                   Ice            100%       1d10      7%          1
 Kiss of Death            Conj/Necr      100%       2d13      7%          1
 Magic Dart               Conj           100%       1d8       7%          1
 Necrotise                Necr           100%       1d9       7%          1
 Sandblast                Erth           76%        2d16      7%          1
 Slow                     Hex            100%       N/A       7%          1
 Sting                    Conj/Alch      100%       1d9       7%          1
 Summon Small Mammal      Summ           100%       N/A       7%          1
 Call Imp                 Summ           76%        N/A       10%         2
 Searing Ray              Conj           76%        2d7       10%         2
 Sublimation of Blood     Necr           38%        N/A       10%         2
 Call Canine Familiar     Summ           38%        N/A       19%         3
 Confusing Touch          Hex            38%        N/A       19%         3
 Frozen Ramparts          Ice            76%        1d12      19%         3
 Hailstorm                Conj/Ice       38%        3d9       19%         3
 Inner Flame              Hex/Fire       38%        N/A       19%         3
 Mephitic Cloud           Conj/Alch/Air  38%        N/A       19%         3
 Passwall                 Erth           38%        N/A       19%         3
 Sigil of Binding         Hex            38%        N/A       19%         3
 Stone Arrow              Conj/Erth      76%        3d11      19%         3
 Summon Ice Beast         Ice/Summ       38%        N/A       19%         3
 Vampiric Draining        Necr           38%        2d8       19%         3
 Disjunction              Tloc           55%        N/A       26%         8
 Anguish                  Hex/Necr       19%        N/A       47%         4
 Animate Armour           Summ/Erth      76%        N/A       47%         4
 Brom's Barrelling Bould  Conj/Erth      38%        2d6       47%         4
 Cause Fear               Hex            19%        N/A       47%         4
 Dispel Undead            Necr           38%        3d16      47%         4
 Flame Wave               Conj/Fire      38%        2d10      47%         4
 Fulminant Prism          Conj/Alch      19%        3d10      47%         4
 Ignite Poison            Fire/Alch      38%        N/A       47%         4
 Leda's Liquefaction      Alch/Erth      19%        N/A       47%         4
 Martyr's Knell           Necr/Summ      38%        N/A       47%         4
 Petrify                  Alch/Erth      38%        N/A       47%         4
 Sticky Flame             Fire/Alch      38%        2d8       47%         4
 Summon Blazeheart Golem  Fire/Summ      38%        N/A       47%         4
 Summon Lightning Spire   Summ/Air       38%        N/A       47%         4
 Malign Gateway           Summ/Tloc      41%        N/A       75%         7
 Alistair's Intoxication  Alch           25%        N/A       82%         5
 Borgnjor's Vile Clutch   Necr/Erth      19%        N/A       82%         5
 Fireball                 Conj/Fire      19%        3d9       82%         5
 Irradiate                Conj/Alch      19%        3d18      82%         5
 Iskenderun's Battlesphe  Conj           38%        2d9       82%         5
 Metabolic Englaciation   Hex/Ice        19%        N/A       82%         5
 Summon Mana Viper        Hex/Summ       38%        N/A       82%         5
 Bombard                  Conj/Erth      19%        9d4       100%        6
 Conjure Ball Lightning   Conj/Air       19%        3x3d6     100%        6
 Death Channel            Necr           19%        N/A       100%        6
 Eringya's Noxious Bog    Alch           19%        4d6       100%        6
 Sculpt Simulacrum        Ice/Alch       19%        N/A       100%        6
 Summon Cactus Giant      Summ           19%        N/A       100%        6
 Enfeeble                 Hex            19%        N/A       100%        7
 Monstrous Menagerie      Summ           19%        N/A       100%        7
 Orb of Destruction       Conj           19%        9d8       100%        7
 Spellforged Servitor     Conj/Summ      19%        N/A       100%        7
 Summon Hydra             Summ           19%        N/A       100%        7
 Ignition                 Fire           19%        3d7       100%        8
 Lehudib's Crystal Spear  Conj/Erth      19%        10d6      100%        8
 Dragon's Call            Summ           19%        N/A       100%        9
 Shatter                  Erth           19%        3d17*     100%        9


Dungeon Overview and Level Annotations

Branches:
Dungeon (15/15)            Temple (1/1) D:5            Lair (5/5) D:8
 Shoals (4/4) Lair:2       Spider (4/4) Lair:3        Slime (5/5) Lair:5
    Orc (2/2) D:11            Elf (3/3) Orc:2        Vaults (5/5) D:14
  Crypt (3/3) Vaults:2       Tomb (0/3) Crypt:3      Depths (4/4) D:15
    Zot (5/5) Depths:4

Altars:
Ashenzari
Cheibriados
Dithmenos
Elyvilon
Fedhas
Gozag
Hepliaklqana
Kikubaaqudgha
Makhleb
Nemelex Xobeh
Okawaru
Qazlal
Ru
Sif Muna
Trog
Uskayaw
Vehumet
Wu Jian
Xom
Yredelemnul
Zin
The Shining One
Jiyva

Shops:
D:6 *=   D:15 (?=   Orc:2 *[[(   Elf:1 =   Vaults:3 ?[   Vaults:5 ???!!
Depths:3 =:=*

Portals:
Hell: Depths:1 Depths:2 Depths:3 Depths:4
Abyss: Depths:3
Pandemonium: Depths:2 Depths:4
Ziggurat: Depths:2
Trove: Depths:2 (give +3 storm dragon scales)

Annotations:
Shoals:1 1 runed translucent door, exclusion: downstairs, arthad's ghost, adept VSFi
Shoals:3 exclusion: 2 downstairs
Spider:4 2 transporters, exclusion: oklob plant, Valrug's ghost, adept MiBe
Elf:2 3 runed translucent doors, exclusion: 2 doors
Crypt:2 1 runed translucent door, Sinef's ghost, master OpSh
Depths:3 2 transporters, octoduck's ghost, adept DEAE
Zot:2 36 runed translucent doors, exclusion: 36 doors
Zot:4 exclusion: 4 doors


Innate Abilities, Weirdness & Mutations

You are too large for most types of armour.
You have a pair of small horns on your head.
You have tough skin. (AC +1)
You gain doubled healing and magic from potions.
Whenever you drink a healing potion, you attack all around you.
You have supernaturally acute eyesight. (SInv)
You occasionally shout uncontrollably at your foes.
Your spells are a little harder to cast, but a little more powerful.
You expend magic power (3 MP) to strengthen your wands.


Message History

You flatten Hetuff like a pancake!!!!!
You kill Hetuff!
Cheibriados appreciates the change of pace.
The orange demon closely misses you. The orange demon misses you.
There is an open door here.
The orange demon stings you from afar!
Casting: Manifold Assault (safe; 1% risk of failure)
Confirm with . or Enter, or press ? or * to list all spells.
Space momentarily warps into an impossible shape!
You crush the orange demon like a grape!!!!
You kill the orange demon!
Cheibriados appreciates the change of pace.
Your Armour skill increases to level 22!
Casting: Manifold Assault (safe; 1% risk of failure)
Confirm with . or Enter, or press ? or * to list all spells.
Space momentarily warps into an impossible shape!
You completely miss the hellwing. You barely miss the hellwing.
You headbutt the hellwing, but do no damage.
A red devil comes into view. It is wielding a +0 trident.
The hellwing misses you. x2
You stick the hellwing like a pincushion!!!!
You kill the hellwing!
Cheibriados appreciates the change of pace.
The red devil barely misses you.
Casting: Manifold Assault (safe; 1% risk of failure)
Confirm with . or Enter, or press ? or * to list all spells.
Space momentarily warps into an impossible shape!
You hammer the red devil like a gong!!!!!
You kill the red devil!
Cheibriados appreciates the change of pace.
You are starting to lose your buoyancy.
You float gracefully downwards.
Your enlightenment fades.
Magic restored.
You see here a +0 club.
You feel a little less mighty now.
There is a staircase leading out of the dungeon here.
You have escaped!

#################
#.....@#.#......#
#.##.###.+##.##.#
#...............#
#####.########.##
#...#.#.....#...#
#.#.#.#.#######)#
#.#^..........#.#
#.###########.#.#
#.#...........#.#


There were no monsters in sight!

Vanquished Creatures
  the Royal Jelly (Slime:5)
  Frederick (Crypt:1)
  3 dread liches
  Khufu (Crypt:3)
  6 orbs of fire
  Mennas (Crypt:1)
  An ancient lich (Zot:5)
  Mara (Spider:4)
  3 pandemonium lords
  Josephina (Crypt:2)
  Boris (Depths:1)
  Vv (Depths:4)
  6 Killer Klowns (Zot:5)
  Bai Suzhen (Spider:3)
  Saint Roka (Orc:2)
  5 golden dragons
  Nikola (Elf:3)
  A bone dragon (Crypt:3)
  A profane servitor (Crypt:3)
  3 electric golems
  Arachne (Spider:3)
  Rupert (D:13)
  A Hell Sentinel (Zot:5)
  7 liches
  22 Orb Guardians
  A shard shrike skeleton (Crypt:2)
  Mlioglotl (Spider:4)
  15 tentacled monstrosities
  Asterion (Elf:3)
  23 acid blobs
  7 titans
  6 quicksilver dragons
  7 sphinxes
  4 ancient champions
  3 deep elf blademasters (Elf:3)
  Frances (Elf:3)
  8 death cobs
  Polyphemus (Shoals:2)
  Kirke (Lair:4)
  7 tengu reavers
  Agnes (Elf:3)
  Aizul (Spider:2)
  7 shadow dragons
  Donald (Orc:2)
  Roxanne (Spider:3)
  Ilsuiw (Shoals:4)
  13 storm dragons
  3 draconian knights
  14 rockslimes
  2 revenants
  11 frost giants
  10 deep elf sorcerers
  2 protean progenitors (Zot:2)
  5 emperor scorpions
  11 azure jellies
  12 fire giants
  3 draconian monks
  An iron dragon (Depths:4)
  6 draconian scorchers
  7 deep elf elementalists (Elf:3)
  4 draconian shifters
  19 vault wardens
  2 juggernaut zombies (Depths:2)
  6 ghost moths
  4 draconian annihilators
  A curse skull (Crypt:1)
  A reaper (D:14)
  10 ghouls
  An orc warlord (Vaults:4)
  2 draconian stormcallers
  17 ironbound preservers
  4 formless jellyfish
  4 ironbound thunderhulks
  24 very ugly things
  11 quicksilver oozes
  10 green draconians
  15 stone giants
  5 deep elf demonologists
  9 vampire knights
  9 deep elf death magi
  6 black draconians
  13 deep elf annihilators
  10 white draconians
  10 spark wasps
  13 red draconians
  7 yellow draconians
  Azrael (D:12)
  14 dire elephants
  12 purple draconians
  9 war gargoyles
  13 crystal guardians
  3 eidola (Crypt:1)
  23 jiangshi
  10 merfolk impalers
  2 mummy priests (Crypt:3)
  10 ettins
  7 fire dragons
  7 merfolk javelineers
  7 deep elf high priests
  10 great orbs of eyes
  4 entropy weavers
  24 yaktaur captains
  3 ice dragons
  2 rakshasas (Depths:1)
  A jorogumo (Spider:4)
  4 spriggan air magi
  5 hydras
  4 death knights
  3 ogre magi (Vaults:5)
  3 catoblepae
  3 peacekeepers (Vaults:4)
  29 vault guards
  4 merfolk avatars
  A ghost crab (Crypt:1)
  A sphinx zombie (Vaults:4)
  4 alligator snapping turtles
  7 two-headed ogres
  5 boulder beetles
  9 ironbound frosthearts
  12 centaur warriors
  14 dancing weapons
  5 merfolk aquamancers
  2 radroaches
  15 death yaks
  2 deep troll shamans
  An Orb Guardian skeleton (Crypt:2)
  4 tengu warriors
  4 occultists
  6 vampire magi
  5 deep troll earth magi
  7 demonic crawlers
  3 spriggan berserkers
  2 titan zombies
  15 hell knights
  2 orc high priests (Orc:2)
  3 soul eaters
  6 spriggans
  2 skysharks
  18 deep elf knights
  5 iron trolls
  18 skeletal warriors
  4 shadow wraiths
  7 pharaoh ants
  A titan skeleton (Depths:1)
  A spectral anaconda (Lair:5)
  16 orb spiders
  11 sea snakes
  A shadow demon (D:5)
  A shining eye (shapeshifter) (Vaults:5)
  A spectral death yak (Lair:5)
  11 arcanists
  2 sun moths
  9 glowing orange brains
  An orange crystal statue (Depths:3)
  5 flayed ghosts
  43 deep trolls
  3 steelbarb worms
  A spriggan simulacrum (Crypt:2)
  16 deep elf archers
  5 bog bodies
  4 orc knights
  An obsidian statue (Lair:5)
  24 deep elf zephyrmancers
  14 phantasmal warriors
  A sun moth (shapeshifter) (Vaults:5)
  20 lindwurms
  29 harpies
  13 ironbound convokers
  An oklob plant (Lair:4)
  14 necromancers
  32 deep elf pyromancers
  A harpy (shapeshifter) (Vaults:5)
  A spectral ettin (Crypt:3)
  A fire giant zombie (Vaults:4)
  2 frost giant zombies (Depths:2)
  3 shining eyes
  A stone giant zombie (Depths:1)
  18 manticores
  2 orc sorcerers (Orc:2)
  42 ugly things
  14 cyclopes
  2 fauns
  26 wolf spiders
  A jorogumo skeleton (Crypt:2)
  A salamander (shapeshifter) (D:15)
  7 meliai
  13 elephants
  6 water nymphs
  2 smoke demons
  21 moths of wrath
  A water nymph (shapeshifter) (Vaults:5)
  7 black mambas
  8 kobold blastminers (Orc:2)
  8 merfolk sirens
  A gargoyle (D:12)
  A guardian serpent (Depths:1)
  2 large abominations (Crypt:3)
  9 vault sentinels
  2 unseen horrors
  A shock serpent skeleton (Crypt:1)
  An eye of devastation (Slime:1)
  2 orange demons
  A dire elephant zombie (Crypt:1)
  3 dire elephant skeletons
  A naga skeleton (Crypt:1)
  3 rime drakes
  8 torpor snails
  43 yaktaurs
  A kobold demonologist (Elf:1)
  8 cane toads
  8 komodo dragons
  An anaconda simulacrum (Crypt:3)
  A bunyip simulacrum (Crypt:1)
  7 freezing wraiths
  3 hellions
  8 tengu conjurers
  7 guardian mummies (Crypt:3)
  29 merfolk
  A hellwing (D:1)
  A red devil (D:1)
  A tyrant leech (Zot:2)
  2 polar bears
  17 tarantellas
  3 trolls
  12 blink frogs
  6 hornets
  A harpy skeleton (Crypt:3)
  8 wind drakes
  9 glass eyes
  Prince Ribbit (D:6)
  8 dream sheep
  An iron dragon simulacrum (Crypt:2)
  A frost giant simulacrum (Depths:1)
  6 snapping turtles
  40 jumping spiders
  19 culicivoras
  An ettin skeleton (Vaults:4)
  165 slime creatures
  A jumping spider (shapeshifter) (Vaults:5)
  An air elemental (Elf:1)
  73 yaks
  A black mamba zombie (Crypt:1)
  3 shadows
  A spriggan skeleton (Depths:1)
  13 water elementals
  A vampire (D:12)
  A hog (shapeshifter) (D:13)
  9 wyverns
  4 fire bats
  6 wraiths
  7 fire elementals
  7 hogs
  26 redbacks
  A tyrant leech zombie (Crypt:2)
  A redback (shapeshifter) (Vaults:5)
  4 basilisks
  10 golden eyes
  A steam dragon (D:7)
  5 wargs
  A death yak simulacrum (Lair:5)
  A chaos spawn (Zot:5)
  6 vampire mosquitoes
  2 harpy simulacra (Crypt:2)
  15 water moccasins
  A two-headed ogre zombie (Crypt:2)
  4 acid dragons
  2 small abominations (Crypt:3)
  Duvessa (D:6)
  A faun skeleton (Crypt:2)
  A hell hound (D:12)
  29 orc warriors
  15 laughing skulls (Crypt:3)
  A black bear (Lair:2)
  21 wolves
  7 ogres
  An elephant zombie (Lair:5)
  3 boggarts (Vaults:3)
  A blink frog zombie (Crypt:1)
  3 centaurs (D:14)
  A lindwurm skeleton (Crypt:2)
  4 elephant skeletons (Lair:5)
  2 phantoms
  A swamp dragon skeleton (Crypt:2)
  6 bullfrogs
  8 necrophages
  2 gnoll sergeants
  3 scorpions
  3 earth elementals
  4 burial acolytes (Crypt:3)
  2 cane toad simulacra (Lair:5)
  A wyvern skeleton (Crypt:1)
  15 wights
  A cyclops skeleton (Crypt:1)
  Dowan (D:6)
  4 killer bees (D:9)
  3 howler monkeys
  7 electric eels
  18 orc priests
  12 jellies
  A bombardier beetle (D:5)
  A gnoll bouda (D:10)
  5 hounds
  Ijyb (D:3)
  3 sleepcaps
  6 iguanas
  22 orc wizards
  A tengu skeleton (Crypt:2)
  10 adders
  15 gnolls
  4 white imps
  2 ufetubi (D:5)
  3 dart slugs
  A ribbon worm (D:2)
  110 orcs
  5 ball pythons
  5 bats
  10 endoplasms
  2 giant cockroaches
  9 goblins
  5 hobgoblins
  4 jackals (D:2)
  A quokka (D:4)
  3 frilled lizards
  A hobgoblin skeleton (Crypt:2)
  A hobgoblin zombie (Crypt:1)
  2 kobolds
  4 rats
  2 aspiring fleshes (Zot:2)
  A butterfly (Lair:5)
2446 creatures vanquished.

Vanquished Creatures (collateral kills)
  An orc priest (Orc:2)
1 creature vanquished.

Vanquished Creatures (others)
  A deep elf zephyrmancer (Elf:1)
  A yaktaur (Vaults:5)
  A bloated husk (Crypt:1)
  A basilisk (Lair:1)
  A small abomination (Zot:2)
5 creatures vanquished.

Grand Total: 2452 creatures vanquished

Notes
Turn   | Place    | Note
-------+----------+-------------------------------------------
     0 | D:1      | DrFunkyFeet the Oni Warper began the quest for the Orb.
     0 | D:1      | Reached XP level 1. HP: 22/22 MP: 3/3
    87 | D:1      | Reached skill level 3 in Fighting
   123 | D:1      | Reached XP level 2. HP: 29/31 MP: 5/5
   646 | D:2      | Reached XP level 3. HP: 39/39 MP: 6/6
   917 | D:2      | Found a snail-covered altar of Cheibriados.
   931 | D:2      | Became a worshipper of Cheibriados the Contemplative
   981 | D:2      | Reached skill level 4 in Fighting
  1069 | D:3      | Noticed Ijyb
  1254 | D:3      | Reached XP level 4. HP: 45/49 MP: 7/7
  1502 | D:3      | Killed Ijyb
  1542 | D:3      | Found a bloodstained altar of Trog.
  1590 | D:3      | Reached skill level 5 in Fighting
  1590 | D:3      | Reached XP level 5. HP: 55/57 MP: 8/8
  1713 | D:3      | Reached * piety under Cheibriados
  1884 | D:3      | Found a faded altar of an unknown god.
  2280 | D:4      | Noticed a phantom
  2306 | D:4      | Killed a phantom
  2472 | D:4      | Reached XP level 6. HP: 66/67 MP: 9/9
  2473 | D:4      | Reached skill level 6 in Fighting
  2765 | D:4      | Reached ** piety under Cheibriados
  2769 | D:4      | Learned a level 2 spell: Blink
  2772 | D:4      | Learned a level 2 spell: Lesser Beckoning
  2814 | D:4      | You fall into a shaft and drop 3 floors!
  2835 | D:7      | Noticed a steam dragon
  2867 | D:7      | Killed a steam dragon
  2868 | D:7      | Reached skill level 7 in Fighting
  2868 | D:7      | Reached skill level 5 in Maces & Flails
  2868 | D:7      | Reached XP level 7. HP: 33/78 MP: 10/10
  3051 | D:7      | Noticed a cyclops
  3428 | D:6      | Noticed Prince Ribbit
  3463 | D:5      | Entered Level 5 of the Dungeon
  3510 | D:5      | Reached skill level 8 in Fighting
  3707 | D:5      | Found a shimmering altar of Xom.
  3707 | D:5      | Noticed a fire bat
  3815 | D:4      | Reached XP level 8. HP: 76/89 MP: 11/11
  4345 | D:5      | Reached skill level 9 in Fighting
  4547 | D:5      | Found a staircase to the Ecumenical Temple.
  4556 | Temple   | Entered the Ecumenical Temple
  4702 | D:5      | Reached *** piety under Cheibriados
  4780 | D:6      | Found Codine's Neck Hole.
  5074 | D:6      | Found Bopen's Jewellery Boutique.
  5106 | D:6      | Noticed a two-headed ogre
  5114 | D:6      | Killed a two-headed ogre
  5115 | D:6      | Reached skill level 10 in Fighting
  5115 | D:6      | Reached XP level 9. HP: 38/102 MP: 12/12
  5235 | D:6      | Noticed Dowan
  5237 | D:6      | Noticed Duvessa
  5244 | D:6      | Killed Duvessa
  5245 | D:6      | Killed Dowan
  5247 | D:6      | Identified the +0 scale mail "Gass" {Str+2}
  5339 | D:6      | Killed Prince Ribbit
  5340 | D:6      | Reached skill level 11 in Fighting
  5340 | D:6      | Reached skill level 10 in Maces & Flails
  6256 | D:7      | Reached **** piety under Cheibriados
  6365 | D:7      | Killed a cyclops
  6505 | D:7      | Reached XP level 10. HP: 115/115 MP: 13/13
  6873 | D:7      | Reached skill level 12 in Fighting
  7204 | D:8      | Noticed a two-headed ogre
  7293 | D:6      | Bought a scarf of resistance for 384 gold pieces
  7345 | D:8      | Learned a level 4 spell: Manifold Assault
  7436 | D:8      | Killed a two-headed ogre
  7565 | D:8      | Found an ornate altar of the Wu Jian Council.
  7593 | D:8      | Found a staircase to the Lair.
  8189 | D:9      | Identified the +1 flail "Fuhul" {holy, rF+ rCorr}
  8544 | D:9      | Reached ***** piety under Cheibriados
  8790 | D:9      | Noticed a two-headed ogre
  8800 | D:9      | Killed a two-headed ogre
  8810 | D:9      | Reached skill level 13 in Fighting
  8810 | D:9      | Reached XP level 11. HP: 69/127 MP: 14/14
  9089 | D:9      | Found a shimmering blue altar of Sif Muna.
  9408 | D:9      | Reached skill level 5 in Translocations
  9750 | D:10     | Entered Level 10 of the Dungeon
 10129 | D:10     | Noticed a catoblepas
 10129 | D:10     | Noticed a deep elf zephyrmancer
 10141 | D:10     | Killed a deep elf zephyrmancer
 10152 | D:10     | Killed a catoblepas
 10152 | D:10     | Reached ****** piety under Cheibriados
 10157 | D:10     | Reached skill level 14 in Fighting
 11186 | D:11     | Noticed a cyclops
 11191 | D:11     | Killed a cyclops
 11221 | D:11     | Noticed a two-headed ogre
 11224 | D:11     | Killed a two-headed ogre
 11225 | D:11     | Reached XP level 12. HP: 126/139 MP: 12/15
 11300 | D:11     | Found a staircase to the Orcish Mines.
 11453 | D:11     | Noticed a two-headed ogre
 11458 | D:11     | Killed a two-headed ogre
 11779 | D:11     | Reached skill level 1 in Invocations
 11903 | D:12     | Noticed a two-headed ogre
 11906 | D:12     | Killed a two-headed ogre
 12033 | D:12     | Noticed a boulder beetle
 12040 | D:12     | Killed a boulder beetle
 12181 | D:12     | Noticed Azrael
 12188 | D:12     | Killed Azrael
 12189 | D:12     | Reached skill level 15 in Fighting
 12189 | D:12     | Reached skill level 15 in Maces & Flails
 12811 | D:11     | Learned a level 4 spell: Vhi's Electric Charge
 12920 | Lair:1   | Entered Level 1 of the Lair of Beasts
 12970 | Lair:1   | Reached skill level 1 in Armour
 12971 | Lair:1   | Reached skill level 5 in Invocations
 13168 | Lair:1   | Reached XP level 13. HP: 74/152 MP: 2/17
 13609 | D:6      | Bought the ring "Boviqaucka" {Will+ Str+3 Dex+6} for 603
                  | gold pieces
 13774 | Lair:1   | Reached skill level 16 in Fighting
 14893 | Lair:2   | Reached skill level 5 in Armour
 14973 | Lair:2   | Reached skill level 17 in Fighting
 15645 | Lair:2   | Found a staircase to the Shoals.
 16159 | Lair:3   | Found the +4 skin of Zhor {*Englaciate rC+++ SInv}
 16713 | Lair:3   | Found a hole to the Spider Nest.
 17130 | Lair:4   | Reached XP level 14. HP: 166/166 MP: 13/21
 17333 | Lair:4   | Reached skill level 10 in Invocations
 17399 | Lair:4   | Reached skill level 18 in Fighting
 17788 | Lair:4   | Noticed Kirke
 17902 | Lair:4   | Killed Kirke
 18746 | Lair:5   | Entered Level 5 of the Lair of Beasts
 18925 | Lair:5   | Found a staircase to the Slime Pits.
 18942 | Lair:5   | Found a viscous altar of Jiyva.
 19338 | Lair:5   | Reached skill level 5 in Dodging
 19681 | Lair:5   | Noticed a dire elephant
 19682 | Lair:5   | Noticed a dire elephant
 19689 | Lair:5   | Noticed a dire elephant
 19696 | Lair:5   | Killed a dire elephant
 19847 | Lair:5   | Got Kikubaaqudgha's Compilation of Lamentation
 19873 | Lair:5   | Reached XP level 15. HP: 153/179 MP: 5/23
 19878 | Lair:5   | Reached skill level 19 in Fighting
 20169 | Lair:5   | Identified the +2 short sword of Distraction {drain,
                  | ^Fragile rCorr Str+4}
 21144 | Orc:1    | Entered Level 1 of the Orcish Mines
 21621 | Orc:2    | Entered Level 2 of the Orcish Mines
 21805 | Orc:2    | Found a staircase to the Elven Halls.
 22185 | Orc:2    | Found Koajaopu's Antique Armour Shop.
 22375 | Orc:2    | Noticed Donald
 22399 | Orc:2    | Killed Donald
 22765 | Orc:2    | Noticed Saint Roka
 23191 | Orc:2    | Found Utolemesal's General Store.
 23327 | Orc:2    | Killed Saint Roka
 23470 | Orc:2    | Found Voleutzu's Antique Armour Boutique.
 23472 | Orc:2    | Found Neatyum's Antique Weapon Shop.
 23846 | D:13     | Noticed Rupert
 23854 | D:13     | Paralysed by Rupert for 3 turns
 23861 | D:13     | Killed Rupert
 24372 | D:13     | Reached skill level 20 in Fighting
 24385 | D:13     | Reached skill level 5 in Spellcasting
 24624 | D:14     | Reached XP level 16. HP: 81/192 MP: 20/26
 25099 | D:14     | Found a gate to the Vaults.
 25478 | D:14     | Found a stormy altar of Qazlal.
 25688 | D:15     | Entered Level 15 of the Dungeon
 25694 | D:15     | Found Lanats's Magic Scroll Shoppe.
 25702 | D:15     | Bought a scroll of identify for 40 gold pieces
 25702 | D:15     | Bought a scroll of teleportation for 60 gold pieces
 25702 | D:15     | Bought a scroll of brand weapon for 190 gold pieces
 25766 | D:15     | Found an iron altar of Okawaru.
 26039 | D:15     | Found a staircase to the Depths.
 26265 | D:15     | Found Ofroetam's Weapon Shop.
 26466 | D:15     | Found Hizy's Jewellery Boutique.
 26970 | Shoals:1 | Entered Level 1 of the Shoals
 27500 | Shoals:1 | Found a flickering gateway to a bazaar.
 27506 | Bazaar   | Entered a bazaar
 27513 | Bazaar   | Found Cudic's Antique Weapon Shop.
 27527 | Bazaar   | Found Apraucoh's Antique Weapon Boutique.
 27541 | Bazaar   | Found Ynuehiph's General Store.
 27555 | Bazaar   | Found Pahydyem's Armour Boutique.
 27581 | Bazaar   | Found Ugainuch's Assorted Antiques.
 27589 | Bazaar   | Bought a golden ring for 135 gold pieces
 27589 | Bazaar   | Bought a scroll of enchant armour for 202 gold pieces
 27589 | Bazaar   | Bought a scroll labelled ERHOVVUTASE for 27 gold pieces
 27596 | Bazaar   | Found Guwuz's Weapon Shop.
 28197 | D:6      | Bought a +4 ring of slaying for 858 gold pieces
 28566 | Shoals:1 | Found a runed translucent door.
 28567 | Shoals:1 | Noticed arthad's ghost (adept VSFi)
 29331 | Shoals:2 | Identified the +9 hand axe of the Lurker {freeze, ^Fragile
                  | rElec rN+ Str+2}
 29440 | Shoals:2 | Noticed Polyphemus
 29456 | Shoals:2 | Killed Polyphemus
 29742 | Shoals:2 | Identified the +4 mace "Buodd" {venom, Will+ Int+3}
 30585 | Shoals:3 | Reached XP level 17. HP: 114/202 MP: 9/29
 31223 | Shoals:4 | Entered Level 4 of the Shoals
 31223 | Shoals:4 | Noticed Ilsuiw
 31656 | Shoals:4 | Identified the +4 scale mail "Esealez" {-Cast Str+5}
 32332 | Shoals:4 | Reached skill level 10 in Spellcasting
 32660 | Shoals:4 | Killed Ilsuiw
 33136 | Shoals:4 | Reached skill level 10 in Translocations
 33240 | Shoals:4 | Got a barnacled rune of Zot
 33591 | Spider:1 | Entered Level 1 of the Spider Nest
 33786 | Spider:1 | You fall into a shaft and drop 1 floor!
 34331 | Spider:1 | Reached XP level 18. HP: 213/213 MP: 26/33
 34990 | Spider:2 | Identified the serpent talisman "Tany" {+Blink Str+3 Dex-5}
 34990 | Spider:2 | Noticed Aizul
 35007 | Spider:2 | Killed Aizul
 36426 | Spider:3 | Noticed Arachne
 36437 | Spider:3 | Killed Arachne
 36484 | Spider:3 | Reached skill level 15 in Invocations
 36514 | Spider:3 | Noticed Bai Suzhen
 36522 | Spider:3 | Killed Bai Suzhen
 36750 | Spider:3 | Noticed Roxanne
 36790 | Spider:3 | Killed Roxanne
 36939 | Spider:3 | Learned a level 3 spell: Teleport Other
 37234 | Spider:4 | Entered Level 4 of the Spider Nest
 37523 | Spider:4 | Noticed Mlioglotl
 38429 | Spider:4 | Noticed Mara
 38434 | Spider:4 | Killed Mara
 38967 | Spider:4 | Killed Mlioglotl
 39171 | Spider:4 | Reached XP level 19. HP: 219/221 MP: 24/35
 39324 | Spider:4 | Noticed Valrug's ghost (adept MiBe)
 39345 | Spider:4 | Found a transporter.
 39369 | Spider:4 | Found a transporter.
 39449 | Spider:4 | Reached skill level 10 in Armour
 39691 | Spider:4 | Identified the +4 scimitar of Inconvenience {drain, rElec
                  | Stlth+}
 40329 | Spider:4 | Got a gossamer rune of Zot
 40338 | Spider:4 | Reached XP level 20. HP: 231/231 MP: 36/36
 40611 | Elf:1    | Entered Level 1 of the Elven Halls
 41580 | Elf:1    | Identified the ring of the Sturgeon {rN+ Str+4 Int-4 Dex+6}
 41708 | Elf:1    | Identified the amulet "Feingiju" {+Inv Will+ Regen+ Stlth+}
 42320 | Elf:1    | Paralysed by an air elemental for 1 turns
 42442 | Elf:1    | Found Urif's Jewellery Boutique.
 44195 | Elf:2    | Found a runed translucent gate.
 44195 | Elf:2    | Found a runed translucent gate.
 44208 | Elf:2    | Found a runed translucent gate.
 44469 | Elf:3    | Entered Level 3 of the Elven Halls
 44520 | Elf:3    | Noticed Asterion
 44531 | Elf:3    | Killed Asterion
 44657 | Elf:3    | Noticed Agnes
 44658 | Elf:3    | Noticed Frances
 44662 | Elf:3    | Killed Agnes
 44663 | Elf:3    | Killed Frances
 45223 | Elf:3    | Reached XP level 21. HP: 221/239 MP: 15/37
 45959 | Elf:3    | Noticed Nikola
 45963 | Elf:3    | Killed Nikola
 47421 | Elf:3    | Identified the amulet "Ehomnem" {RegenMP ^Fragile rPois
                  | Regen+ rCorr}
 47422 | Elf:3    | Reached skill level 21 in Fighting
 47907 | Elf:3    | Identified the ring "Ruf Qaer" {rPois Dex+6}
 48369 | Elf:3    | Identified the +1 giant spiked club "Cubbaq" {protect,
                  | Str+3}
 48454 | Elf:3    | Got the Elucidation of Accomplices
 48455 | Elf:3    | Identified the staff of the Weak God {rF+ Tloc Fire}
 48456 | Elf:3    | Identified the +2 ring mail of Eternal Night {rElec rF-
                  | Int+5}
 48461 | Elf:3    | Got the Precepts of the Plutonic Vector
 48779 | Vaults:1 | Entered Level 1 of the Vaults
 50631 | Vaults:2 | Reached skill level 22 in Fighting
 50852 | Vaults:2 | Reached XP level 22. HP: 254/254 MP: 32/38
 50995 | Vaults:2 | Found a staircase to the Crypt.
 51841 | Vaults:3 | Found Xextut's Armour Shop.
 52267 | Vaults:3 | Reached skill level 15 in Armour
 52741 | Vaults:3 | Found Leegev's Magic Scroll Boutique.
 52851 | Vaults:3 | Bought a scroll of enchant weapon for 112 gold pieces
 52851 | Vaults:3 | Bought a scroll of blinking for 112 gold pieces
 52851 | Vaults:3 | Bought a scroll of blinking for 112 gold pieces
 52851 | Vaults:3 | Bought a scroll of enchant armour for 112 gold pieces
 52851 | Vaults:3 | Bought a scroll of blinking for 112 gold pieces
 52851 | Vaults:3 | Bought 2 scrolls of enchant weapon for 225 gold pieces
 52851 | Vaults:3 | Bought a scroll of teleportation for 45 gold pieces
 53555 | Vaults:4 | Reached XP level 23. HP: 247/265 MP: 34/39
 54405 | Depths:1 | Entered Level 1 of the Depths
 54635 | Depths:1 | Found a radiant altar of Vehumet.
 54830 | Depths:1 | Found a gateway to Hell.
 54989 | Depths:1 | Noticed Boris
 54999 | Depths:1 | Killed Boris
 55050 | Depths:1 | You fall into a shaft and drop 1 floor!
 55094 | Depths:2 | Found a one-way gate leading to the halls of Pandemonium.
 55665 | Depths:2 | Found a one-way gateway to a ziggurat.
 55745 | Depths:2 | Reached skill level 23 in Fighting
 55831 | Depths:2 | Got the Meditations on Charnel Peregrination
 56169 | Depths:2 | Reached XP level 24. HP: 278/278 MP: 28/39
 56369 | Depths:2 | Learned a level 1 spell: Apportation
 56527 | Depths:2 | Found a portal to a secret trove of treasure.
 57136 | Depths:3 | Noticed a caustic shrike
 57155 | Depths:3 | Noticed octoduck's ghost (adept DEAE)
 57254 | Depths:3 | Found a transporter.
 57379 | Depths:3 | Found a transporter.
 57613 | Depths:3 | Found a one-way gate to the infinite horrors of the Abyss.
 57622 | Depths:3 | Found Henunump's Jewellery Emporium.
 57626 | Depths:3 | Found Vaqias's General Store.
 57626 | Depths:3 | Found Raigirch's Jewellery Shoppe.
 57631 | Depths:3 | Found Suwnom's Book Shoppe.
 57634 | Depths:3 | Bought a potion of heal wounds for 100 gold pieces
 58122 | Depths:3 | Noticed a juggernaut
 58266 | Depths:3 | Found a shimmering blue altar of Sif Muna.
 58508 | Depths:4 | Entered Level 4 of the Depths
 58787 | Depths:4 | Noticed Vv
 59223 | Depths:4 | Killed Vv
 59892 | Depths:4 | Found a gate to the Realm of Zot.
 59954 | Depths:4 | Reached skill level 24 in Fighting
 60750 | Slime:1  | Entered Level 1 of the Pits of Slime
 62288 | Slime:3  | Gained mutation: You occasionally shout uncontrollably at
                  | your foes. [a shining eye]
 62305 | Slime:2  | Reached XP level 25. HP: 292/292 MP: 39/39
 63665 | Slime:5  | Entered Level 5 of the Pits of Slime
 64154 | Slime:5  | Noticed the Royal Jelly
 64164 | Slime:5  | Killed the Royal Jelly
 64384 | Slime:5  | Found the +8 arc blade {discharge, rElec}
 64401 | Slime:5  | Got the Directory of Wanderlust and Hermetica
 64434 | Slime:5  | Got a slimy rune of Zot
 64448 | Slime:5  | Identified the +8 halberd "Jyll" {freeze, rF+ Str+3 Stlth+}
 64474 | Slime:5  | Identified the +5 great mace of Actus Reus {flame, rElec
                  | rPois Will- Dex-4}
 64477 | Slime:5  | Got Qooqen's Almanac of Points
 64529 | Slime:5  | Identified the +6 falchion of Midwinter {venom, *Corrode
                  | rC++ Str+4}
 64554 | Slime:5  | Identified the +2 flail "Biqiqa" {protect, rC- Dex+3}
 64586 | Slime:5  | Reached skill level 25 in Fighting
 64836 | Slime:5  | Gained mutation: You are clumsy. (Dex -2) [a shining eye]
 65343 | Depths:3 | Bought the ring of Gaulyph {rPois EV+5 Str+5 Stlth+} for
                  | 786 gold pieces
 65559 | Vaults:5 | Entered Level 5 of the Vaults
 65579 | Vaults:5 | Found Guduf's Distillery.
 65983 | Vaults:5 | Noticed a dread lich
 65991 | Vaults:5 | Killed a dread lich
 66011 | Vaults:5 | Noticed a dread lich
 66016 | Vaults:5 | Killed a dread lich
 66079 | Vaults:5 | Identified the +2 longbow "Giant's Toothpick" {drain, Str+2
                  | Dex+5}
 66230 | Vaults:5 | Identified the +2 morningstar "Cuynoere" {venom, rPois
                  | rCorr SInv}
 66310 | Vaults:5 | Reached XP level 26. HP: 219/286 MP: 28/39
 66436 | Vaults:5 | Identified the +2 glaive "Puikaull" {antimagic, rC+ Will+}
 66579 | Vaults:5 | Reached skill level 26 in Fighting
 66729 | Vaults:5 | Identified the +4 short sword of Mimy {venom, rElec rC+}
 67083 | Vaults:5 | Found Etziyd's Magic Scroll Shop.
 67088 | Vaults:5 | Bought a scroll of blinking for 135 gold pieces
 67088 | Vaults:5 | Bought a scroll of blinking for 135 gold pieces
 67102 | Vaults:5 | Bought a potion of heal wounds for 105 gold pieces
 67192 | Vaults:5 | Got a silver rune of Zot
 67304 | Vaults:5 | Found the +3 pair of seven-league boots {Rampage+∞}
 67522 | Vaults:5 | Found Raiduizo's Magic Scroll Shoppe.
 67537 | Vaults:5 | Found Wojufrem's Magic Scroll Shop.
 67545 | Vaults:5 | Bought a scroll of fog for 88 gold pieces
 67545 | Vaults:5 | Bought a scroll of enchant weapon for 165 gold pieces
 67545 | Vaults:5 | Bought a scroll of blinking for 165 gold pieces
 67565 | Vaults:5 | Found Riowaixzi's Distillery.
 67569 | Vaults:5 | Bought a potion of magic for 144 gold pieces
 68859 | Crypt:1  | Entered Level 1 of the Crypt
 69206 | Crypt:1  | Identified the orb "Yprorafe" {*channel, rElec Will- Str+3}
 69206 | Crypt:1  | Noticed Frederick
 69209 | Crypt:1  | Killed Frederick
 69264 | Crypt:1  | Noticed Mennas
 69287 | Crypt:1  | Killed Mennas
 69837 | Crypt:2  | Noticed Sinef's ghost (master OpSh)
 69837 | Crypt:2  | Found a runed translucent door.
 69907 | Crypt:2  | Identified the ring of the Charming Gods {Ice SInv}
 69907 | Crypt:2  | Noticed Josephina
 69910 | Crypt:2  | Killed Josephina
 70164 | Crypt:2  | Reached skill level 27 in Fighting
 70234 | Crypt:2  | Learned a level 6 spell: Dispersal
 70539 | Crypt:2  | Reached skill level 15 in Spellcasting
 71263 | Crypt:3  | Entered Level 3 of the Crypt
 71774 | Crypt:3  | Found a basalt altar of Yredelemnul.
 71822 | Crypt:3  | Reached XP level 27. HP: 300/323 MP: 41/42
 72357 | Crypt:3  | Identified the +7 giant spiked club "Cyrphevu" {freeze, rF+
                  | rC+ MP+9}
 72374 | Crypt:3  | Identified the +3 shortbow of Paepsekei {drain, rN+ Str-2
                  | Int+3}
 73151 | Crypt:3  | Noticed Khufu
 73158 | Crypt:3  | Found a staircase to the Tomb.
 73170 | Crypt:3  | Killed Khufu
 73323 | Crypt:3  | Identified the staff of Gehenna {^Fragile rC+ rN+ Str+2
                  | Necro Earth}
 73353 | Crypt:3  | Identified the +1 glaive of Dishonour {speed, Int+3}
 73815 | Zot:1    | Entered Level 1 of the Realm of Zot
 73932 | D:15     | Bought a scroll of revelation for 150 gold pieces
 73932 | D:15     | Bought a scroll of enchant armour for 150 gold pieces
 74782 | Zot:1    | Noticed an orb of fire
 74787 | Zot:1    | Gained mutation: Your spells are a little easier to cast,
                  | but a little less powerful. [an orb of fire]
 74789 | Zot:1    | Killed an orb of fire
 75689 | Zot:2    | Found a huge runed translucent gate.
 75689 | Zot:2    | Found a huge runed translucent gate.
 75689 | Zot:2    | Found a huge runed translucent gate.
 75689 | Zot:2    | Found a huge runed translucent gate.
 75689 | Zot:2    | Found a huge runed translucent gate.
 75690 | Zot:2    | Found a huge runed translucent gate.
 75691 | Zot:2    | Found a huge runed translucent gate.
 75692 | Zot:2    | Found a huge runed translucent gate.
 75693 | Zot:2    | Found a huge runed translucent gate.
 75694 | Zot:2    | Found a huge runed translucent gate.
 75695 | Zot:2    | Found a huge runed translucent gate.
 75696 | Zot:2    | Found a huge runed translucent gate.
 75697 | Zot:2    | Found a huge runed translucent gate.
 75698 | Zot:2    | Found a huge runed translucent gate.
 75698 | Zot:2    | Found a huge runed translucent gate.
 75703 | Zot:2    | Found a huge runed translucent gate.
 75704 | Zot:2    | Found a huge runed translucent gate.
 75705 | Zot:2    | Found a huge runed translucent gate.
 75705 | Zot:2    | Found a huge runed translucent gate.
 75711 | Zot:2    | Found a huge runed translucent gate.
 75712 | Zot:2    | Found a huge runed translucent gate.
 75715 | Zot:2    | Found a huge runed translucent gate.
 75715 | Zot:2    | Found a huge runed translucent gate.
 75715 | Zot:2    | Found a huge runed translucent gate.
 75716 | Zot:2    | Found a huge runed translucent gate.
 75722 | Zot:2    | Found a huge runed translucent gate.
 75723 | Zot:2    | Found a huge runed translucent gate.
 75723 | Zot:2    | Found a huge runed translucent gate.
 75745 | Zot:2    | Found a huge runed translucent gate.
 75745 | Zot:2    | Found a huge runed translucent gate.
 75745 | Zot:2    | Found a huge runed translucent gate.
 75745 | Zot:2    | Found a huge runed translucent gate.
 75745 | Zot:2    | Found a huge runed translucent gate.
 75746 | Zot:2    | Found a huge runed translucent gate.
 75751 | Zot:2    | Found a huge runed translucent gate.
 75752 | Zot:2    | Found a huge runed translucent gate.
 75913 | Zot:2    | Noticed an orb of fire
 75919 | Zot:2    | Killed an orb of fire
 77514 | Zot:4    | Reached skill level 15 in Translocations
 77889 | Zot:4    | Noticed an orb of fire
 77897 | Zot:4    | Killed an orb of fire
 78467 | Zot:5    | Entered Level 5 of the Realm of Zot
 80706 | Zot:5    | Noticed an ancient lich
 80713 | Zot:5    | Killed an ancient lich
 82764 | Zot:5    | Noticed a dread lich
 82770 | Zot:5    | Killed a dread lich
 82775 | Zot:5    | Noticed an orb of fire
 82781 | Zot:5    | Gained mutation: Your flesh is cold resistant. (rC+) [an
                  | orb of fire]
 82791 | Zot:5    | Killed an orb of fire
 82822 | Zot:5    | Noticed an orb of fire
 82830 | Zot:5    | Killed an orb of fire
 83776 | Zot:5    | Noticed an orb of fire
 83785 | Zot:5    | Gained mutation: You sometimes lose your temper in combat.
                  | [an orb of fire]
 83786 | Zot:5    | Killed an orb of fire
 83787 | Zot:5    | Lost mutation: Your flesh is cold resistant. (rC+) [potion
                  | of mutation]
 83787 | Zot:5    | Lost mutation: Your spells are a little easier to cast, but
                  | a little less powerful. [potion of mutation]
 83787 | Zot:5    | Gained mutation: You expend magic power (3 MP) to
                  | strengthen your wands. [potion of mutation]
 83787 | Zot:5    | Gained mutation: You have supernaturally acute eyesight.
                  | (SInv) [potion of mutation]
 83787 | Zot:5    | Gained mutation: You are robust. (+10% HP) [potion of
                  | mutation]
 83788 | Zot:5    | Lost mutation: You sometimes lose your temper in combat.
                  | [potion of mutation]
 83788 | Zot:5    | Lost mutation: You are robust. (+10% HP) [potion of
                  | mutation]
 83788 | Zot:5    | Lost mutation: You are clumsy. (Dex -2) [potion of
                  | mutation]
 83788 | Zot:5    | Gained mutation: You are dopey. (Int -2) [potion of
                  | mutation]
 83788 | Zot:5    | Lost mutation: You are dopey. (Int -2) [potion of mutation]
 83788 | Zot:5    | Gained mutation: Your spells are a little harder to cast,
                  | but a little more powerful. [potion of mutation]
 84273 | Zot:5    | Got the Orb of Zot
 84285 | Zot:5    | Noticed Lopu the pandemonium lord
 84290 | Zot:5    | Killed Lopu the pandemonium lord
 84324 | Zot:5    | Noticed Teonekank the pandemonium lord
 84381 | Zot:2    | Noticed Inyesm the pandemonium lord
 84508 | D:15     | Noticed Gymegh the pandemonium lord
 84517 | D:15     | Killed Gymegh the pandemonium lord
 84784 | D:1      | Noticed Hetuff the pandemonium lord
 84796 | D:1      | Killed Hetuff the pandemonium lord
 84827 | D:$      | Escaped with the Orb!

Illustrated notes

Levels and vault maps discovered:
D:1:      onia_arrival_mini_maze_b, layout_rooms, ebering_dispersal_statue_hall
D:2:      layout_basic, basic_altar
D:3:      minmay_general_purpose_star, layout_basic,
          mainiacjoe_overflow_tiny_flanked, hellmonk_ecumenical_altar_run_dry,
          uniq_ijyb
D:4:      layout_loops_ring, kennysheep_generic_room_6
D:5:      layout_rooms, regret_index_xom_of_box, minmay_temple_entry_mist
D:6:      layout_gridville, minmay_shop_grid_forest, chequers_decorated_corner,
          nicolae_shop_sticking_my_neck_out, uniq_prince_ribbit1, uniq_duvessa
D:7:      layout_gridville, enter_bailey_5
D:8:      layout_basic, nzn_wu_jian_council_hall, dpeg_oklobed_lair
D:9:      layout_roguey [special_room_orc], nicolae_overflow_crystal_walls,
          serial_bayou, serial_bayou_crossing, serial_bayou_lake_a,
          serial_bayou_pond_a, serial_bayou_pond_e, nicolae_figureground_pulse
D:10:     layout_irregular_city, small_statue_alley_a, minivault_25_ag,
          kennysheep_nub
D:11:     layout_roguey, orc_0_dummy
D:12:     layout_loops_ring, uniq_azrael
D:13:     layout_roguey, uniq_rupert
D:14:     layout_gridville, erik_vaults_1, minmay_misc_feat_ornament,
          grunt_qazlal_sundering
D:15:     hangedman_depths_entry_civil_slaughter, layout_grid_maze,
          okawaru_trees_1, serial_shops, nicolae_square_shop,
          nicolae_shop_behind_doors, nicolae_shop_competitors_out_of_business
Temple:   mainiacjoe_temple_coin_purse
Lair:1:   layout_roguey, lemuel_old_faithful
Lair:2:   layout_misc_corridors, elwin_shoals_entry_stream, grunt_megastairs_1
Lair:3:   layout_loops_ring, nicolae_spider_entry_orb_guardian,
          hellmonk_guarded_unrand_zhor
Lair:4:   layout_small_grid, grunt_megastairs_5, uniq_kirke
Lair:5:   due_jungle_book, layout_misc_corridors, slime_entry_1,
          minmay_lindwurm_lava, lemuel_fruit_fields, serial_bayou_shore_b
Shoals:1: layout_shoals, serial_shops, bzr_entry_safe,
          ebering_ghost_inner_flame, nicolae_shoals_the_drawing_of_the_three
Shoals:2: layout_shoals, nicolae_tricolors, nicolae_shoals_former_cling_halls,
          uniq_polyphemus
Shoals:3: layout_shoals, st_shoals_ruin
Shoals:4: shoals_end_simple, layout_shoals, shoal_ilsuiw
Spider:1: layout_spider_delve, guppyfry_spider_mini_2
Spider:2: layout_spider_delve, uniq_aizul
Spider:3: layout_cave_pods, hangedman_spider_tarantella_strand, uniq_bai_suzhen,
          uniq_roxanne, uniq_arachne
Spider:4: grunt_spider_rune_island, nzn_ghost_randoct, uniq_mlioglotl, uniq_mara
Slime:1:  layout_caves, nicolae_slime_getting_an_eyeful
Slime:2:  nicolae_slime_pool, layout_caves
Slime:3:  layout_caves
Slime:4:  nicolae_slime_jelly_donut, layout_caves
Slime:5:  slime_pit
Orc:1:    layout_caves, nicolae_volcano_entry_batcave
Orc:2:    grunt_orc_community_town_hall, layout_caves,
          grunt_orc_community_big_house_1, grunt_orc_community_big_house_2,
          grunt_orc_community_house_2, grunt_orc_community_house_3,
          grunt_orc_community_house_2, grunt_orc_community_house_2,
          grunt_orc_community_house_1, grunt_orc_community_house_2, uniq_donald
Elf:1:    minmay_the_grid_4x2 [minmay_the_grid_pillar_ring,
          minmay_the_grid_box_x, minmay_the_grid_empty, minmay_the_grid_paths,
          minmay_the_grid_square_x, minmay_the_grid_gridbox,
          minmay_the_grid_outer_diamond,
          minmay_the_grid_prize_four_corners_diamond_a], layout_gridlike,
          serial_shops, shop, hangedman_elf_disciples, lemuel_flamethrower_hall
Elf:2:    nicolae_elf_blades_splatter_lattice [nicolae_blade_lattice],
          layout_geoelf_octagon, st_stairs_11
Elf:3:    minmay_elf_hall_four_x, layout_geoelf_castle, sword_in_stone,
          uniq_nikola, uniq_asterion
Vaults:1: nicolae_vaults_windows_and_doors_thing,
          nicolae_vaults_yaktaur_gun_rack, nicolae_vaults_network_periphery,
          nicolae_vaults_closet_pinwheel_1, nicolae_vaults_tetromino_L_2,
          layout_vaults_omnigrid
Vaults:2: st_eye, grunt_vaults_trifunnel, vaults_room_door_ring,
          blue_anna_dwarven_crypt, vaults_dpeg_spiral, v_pattern_5,
          nicolae_vaults_house_1, v_misc_2, nicolae_vaults_wine_cellar,
          nicolae_vaults_tetromino_Z_1, nicolae_vaults_sesquioval_fish,
          layout_vaults_ring
Vaults:3: hangedman_vaults_impose, dpeg_vaults_monster_box,
          nicolae_vaults_little_squares_3, v_misc_30, nicolae_vaults_diamond_2,
          v_misc_23, nicolae_vaults_taking_the_gang_shopping,
          vaults_mumra_chevron, nicolae_vaults_tangram_1,
          nicolae_vaults_layer_cake_slice, st_hourglassy,
          grunt_vaults_hallway_short, nicolae_vaults_tangram_1,
          nicolae_vaults_sightless_eye, layout_vaults_omnibox, serial_shops,
          shop
Vaults:4: vaults_standard_mumra_lines, nicolae_vaults_octothorpe,
          nicolae_vaults_gold_heap, v_misc_25, vaults_standard_mumra_x,
          nicolae_vaults_cochlea, grunt_vaults_diagonal,
          nicolae_vaults_double_plus_3, nicolae_vaults_arrows,
          layout_vaults_maze
Vaults:5
Crypt:1:  layout_regular_city, nicolae_crypt_ex-fountain, uniq_margery,
          uniq_mennas, uniq_frederick
Crypt:2:  layout_catacombs, gammafunk_ghost_grave, uniq_saint_roka,
          uniq_josephina
Crypt:3:  grunt_crypt_end_deaths_head
Depths:1: layout_honeycomb, hell_entry, nicolae_vehumet_radiance,
          fake_guardian_serpent_vault, roderic_lattice_octagonal_star,
          uniq_boris
Depths:2: minmay_connected_boxes_in_corner, layout_cave_pools, enter_ziggurat_c,
          pan_entry, grunt_decor_fettered, hangedman_tar_grid_catacomb,
          nicolae_trove_entry_columns, infiniplex_staircase_spiral_double
Depths:3: minmay_crystal_thing, layout_basic, gammafunk_ghost_berserking_beasts,
          abyss_entry_crystal, minmay_misc_feat_nine_boxes, hell_entry,
          minmay_shoptagon, infiniplex_staircase_split_hallway
Depths:4: evilmike_zot_entry_basic, layout_gridlike, kennysheep_flooded_box,
          grunt_pan_entry_sceptre, hell_entry, uniq_vv
Zot:1:    layout_basic
Zot:2:    kennysheep_room_grid, layout_onion_interference, door_vault
Zot:3:    layout_twisted_circle, st_stairs_8, bh_zot_levy_curve
Zot:4:    minmay_elemental_castle, layout_concentric_octagons
Zot:5:    layout_misc_corridors

Skill      XL: |  1  2  3  4  5  6  7  8  9 10 11 12 13 14 15 16 17 18 19 20 21 22 23 24 25 26 27 |
---------------+----------------------------------------------------------------------------------+-----
Fighting       | 3 4 5 7 8 10 11 13 14 15 17 18 20 22 23 24 25 27 | 27.0
Maces & Flails | 3 4 5 6 9 10 12 14 15 16 17 19 20 21 22 24 25 | 25.1
Translocations | 4 6 7 8 10 11 12 17 | 17.7
Invocations    | 6 9 11 13 15 17 20 22 | 22.2
Armour         | 2 6 8 9 10 12 14 15 16 17 18 19 22 | 22.0
Dodging        | 5 7 8 |  8.3
Spellcasting   | 5 8 11 12 15 19 | 19.1
Throwing       | |  1.0

Action                     |  1- 3 |  4- 6 |  7- 9 | 10-12 | 13-15 | 16-18 | 19-21 | 22-24 | 25-27 || total
---------------------------+-------+-------+-------+-------+-------+-------+-------+-------+-------++-------
  Melee: Mace              |    22 |       |       |       |       |       |       |       |       ||    22
         Headbutt          |    11 |    18 |    36 |    41 |    63 |    64 |    78 |   134 |   148 ||   593
         Whip              |    76 |    59 |       |       |       |       |       |       |       ||   135
         Morningstar       |       |    73 |   102 |       |       |       |       |       |       ||   175
         Punch             |       |     1 |       |       |       |       |       |       |       ||     1
         Giant club        |       |       |    92 |   125 |       |       |       |       |       ||   217
         Giant spiked club |       |       |       |   314 |   912 |  1017 |   678 |  1363 |  1400 ||  5684
         Unarmed           |       |       |       |       |     4 |       |       |       |       ||     4
         Great mace        |       |       |       |       |       |       |       |       |    41 ||    41
  Throw: Dart              |     2 |     4 |    22 |     6 |       |       |       |       |       ||    34
         Boomerang         |       |       |     1 |       |       |       |       |       |       ||     1
         Large rock        |       |       |       |       |       |       |       |       |     1 ||     1
   Cast: Manifold Assault  |       |       |       |    91 |   374 |   578 |   280 |   488 |   621 ||  2432
         Lesser Beckoning  |       |       |       |       |       |    20 |    35 |    44 |    54 ||   153
         Vhi's Electric Ch |       |       |       |       |       |     1 |     1 |       |       ||     2
         Blink             |       |       |       |       |       |     1 |       |       |       ||     1
         Apportation       |       |       |       |       |       |       |       |       |     1 ||     1
 Invoke: Slouch            |       |       |       |       |       |       |       |       |    14 ||    14
  Evoke: Wand              |       |     4 |       |     5 |       |     1 |       |       |       ||    10
    Use: Scroll            |       |       |    15 |     2 |    15 |    14 |     7 |     7 |    33 ||    93
         Potion            |       |       |     1 |     1 |     5 |    12 |     2 |     4 |    16 ||    41
   Stab: Sleeping          |       |       |       |     2 |       |     1 |       |       |       ||     3
         Distracted        |       |       |       |       |     1 |     1 |       |     1 |     1 ||     4
 Armour: Robe              |    47 |    99 |       |       |       |       |       |       |       ||   146
         Steam dragon scal |       |       |   181 |   139 |       |       |       |       |       ||   320
         Acid dragon scale |       |       |       |   116 |   110 |       |       |       |       ||   226
         Animal skin       |       |       |       |       |   149 |   285 |       |       |       ||   434
         Storm dragon scal |       |       |       |       |       |   149 |   270 |   447 |   198 ||  1064
         Fire dragon scale |       |       |       |       |       |       |       |       |    63 ||    63
         Gold dragon scale |       |       |       |       |       |       |       |       |   432 ||   432
  Dodge: Dodged            |    37 |    55 |   153 |   138 |   166 |   278 |   106 |   227 |   371 ||  1531
